 Dungeon Crawl Stone Soup version 0.25-a0-44-g29a1220a87 (webtiles) character file.

Game seed: 1671633912841109916, levelgen mode: deterministic

8860 Flugkiller the Thaumaturge (level 11, 0/74 HPs)
             Began as an Octopode Venom Mage on Oct 25, 2019.
             Was an Initiate of Gozag.
             Killed from afar by Erolcha (29 damage)
             ... with a bolt of lightning
             ... on level 11 of the Dungeon.
             The game lasted 00:31:16 (14689 turns).

Flugkiller the Thaumaturge (Octopode Venom Mage)   Turns: 14689, Time: 00:31:16

Health: 0/74       AC:  1    Str:  7    XL:     11   Next: 37%
Magic:  20/24      EV: 19    Int: 21    God:    Gozag
Gold:   774        SH:  0    Dex: 17    Spells: 18/28 levels left

rFire    x . .     SeeInvis .   O - +1 scimitar (flame)
rCold    + . .     Gourm    .   (no shield)
rNeg     . . .     Faith    .   (helmet restricted)
rPois    .         Spirit   .   (no amulet)
rElec    .         Reflect  .   A - ring of wizardry
rCorr    .         Harm     .   B - ring of protection from magic
MR       ++...                  S - ring "Usautt" {Ice MR+ Dex+4 Slay+6}
Stlth    ++++......             (no ring)
HPRegen  0.22/turn              (no ring)
MPRegen  0.19/turn              (no ring)
                                (no ring)
                                (no ring)

@: gold aura
A: almost no armour, stealthy swim, amphibious, 8 rings, constrict 8, camouflage
1, gelatinous body 1
a: Potion Petition, Call Merchant, Bribe Branch, Renounce Religion


You were on level 11 of the Dungeon.
You worshipped Gozag.
Gozag was pleased with you.
You were very hungry.

You visited 2 branches of the dungeon, and saw 12 of its levels.

You collected 1819 gold pieces.
You spent 996 gold pieces at shops.
You paid 49 gold pieces to Gozag.

Inventory:

Hand Weapons
 p - a +0 hunting sling
   (You took it off a goblin on level 2 of the Dungeon)
 r - a +4 dagger
   (You took it off a goblin on level 2 of the Dungeon)
 s - a +0 whip of electrocution
   (You took it off an orc on level 3 of the Dungeon)
 v - a +2 dagger of venom
   (You took it off an orc on level 3 of the Dungeon)
 K - a +3 falchion
   (You took it off a wight on level 7 of the Dungeon)
 L - a +1 flail of protection
   (You took it off a gnoll on level 8 of the Dungeon)
 O - a +1 scimitar of flaming (weapon)
   (You took it off Erica on level 8 of the Dungeon)
Missiles
 c - 5 javelins (quivered)
 e - 340 stones
 j - 4 throwing nets
 o - 2 curare-tipped darts
 q - 27 poisoned darts
 C - 8 silver javelins
Jewellery
 A - a ring of wizardry (left tentacle)
   (You found it on level 5 of the Dungeon)
 B - a ring of protection from magic (right tentacle)
   (You found it on level 5 of the Dungeon)
 S - the ring "Usautt" (on tentacle) {Ice MR+ Dex+4 Slay+6}
   (You bought it in a shop on level 9 of the Dungeon)

   [ring of ice]

   It enhances your ice magic.
   It affects your dexterity (+4).
   It affects your accuracy and damage with ranged weapons and melee attacks
   (+6).
   It makes you vulnerable to fire.
   It protects you from cold.
   It affects your resistance to hostile enchantments.
Wands
 E - a wand of flame (14)
   (You took it off Blork the orc on level 6 of the Dungeon)
 F - a wand of digging (12)
   (You found it on level 8 of the Dungeon)
 M - a wand of paralysis (4)
   (You found it on level 8 of the Dungeon)
 N - a wand of acid (3)
   (You took it off Erica on level 8 of the Dungeon)
 T - a wand of disintegration (9)
   (You found it on level 10 of the Dungeon)
Scrolls
 a - 3 scrolls of teleportation
 b - 2 scrolls of magic mapping
 f - a scroll of fog {unknown}
 i - 4 scrolls of enchant weapon
 l - a scroll of fear
 n - a scroll of blinking {unknown}
 G - a scroll of brand weapon {unknown}
 H - 4 scrolls of remove curse
 I - a scroll of enchant armour
 P - a scroll of torment {unknown}
 Q - a scroll of immolation {unknown}
Potions
 g - 2 potions of resistance
 h - 4 potions of curing
 k - a potion of cancellation
 m - a potion of might
 t - 2 potions of flight
 u - a potion of magic
 w - a potion of heal wounds
 x - 3 potions of lignification
 z - a potion of mutation
 D - 2 potions of brilliance
 J - a potion of ambrosia {unknown}
 R - a potion of haste {unknown}
 U - 2 potions of agility
Comestibles
 d - 12 rations


   Skills:
 - Level 6.4 Fighting
 + Level 3.5 Long Blades
 - Level 9.0 Dodging
 - Level 5.2 Stealth
 + Level 9.2 Spellcasting
 - Level 5.3 Conjurations
 - Level 6.0 Poison Magic
 - Level 5.0 Evocations


You had 18 spell levels left.
You knew the following spells:

 Your Spells              Type           Power        Failure   Level  Hunger
a - Sting                 Conj/Pois      ####         1%          1    None
b - Poisonous Vapours     Pois/Air       ###...       1%          2    None
c - Mephitic Cloud        Conj/Pois/Air  ####....     1%          3    None
d - Olgreb's Toxic Radia  Pois           ####....     2%          4    ##.....

Your spell library contained the following spells:

 Spells                   Type           Power        Failure   Level  Hunger
 Animate Skeleton         Necr           N/A          2%          1    None
 Corona                   Hex            #......      2%          1    None
 Infusion                 Chrm           #...         2%          1    None
 Pain                     Necr           #...         2%          1    None
 Shroud of Golubria       Chrm/Tloc      #.....       4%          2    None
 Slow                     Hex            #.......     4%          2    None
 Song of Slaying          Chrm           #.......     4%          2    None
 Venom Bolt               Conj/Pois      ####......   8%          5    #####..
 Inner Flame              Hex/Fire       #.......     9%          3    None
 Portal Projectile        Hex/Tloc       #.....       9%          3    None
 Regeneration             Chrm/Necr      #.........   9%          3    None
 Spectral Weapon          Hex/Chrm       #.......     9%          3    None
 Vampiric Draining        Necr           #.........   9%          3    None
 Animate Dead             Necr           N/A          26%         4    ##.....
 Cause Fear               Hex            #.........   26%         4    ##.....
 Leda's Liquefaction      Hex/Erth       #.........   26%         4    ##.....


Dungeon Overview and Level Annotations

Branches:
Dungeon (11/15)            Temple (1/1) D:7             Orc (0/2) D:9
   Lair: D:8-11

Altars:
Ashenzari
Gozag
Hepliaklqana
Nemelex Xobeh
Ru
Vehumet
Xom
The Shining One

Shops:
D:9 ((=

Annotations:
D:4 1 runed translucent door, DEFE's ghost, amateur VSTm
D:5 Grinder
D:6 1 runed translucent door, Crazy Yiuf
D:9 Harold
D:10 1 runed translucent door, Ratty's ghost, novice MiFi
D:11 Erolcha; Gastronok


Innate Abilities, Weirdness & Mutations

You cannot wear most types of armour.
You are very stealthy in the water. (Stealth+)
You are amphibious.
You can wear up to eight rings at the same time.
You can use your tentacles to constrict eight enemies at once.
Your skin changes colour to match your surroundings (Stealth+).
Your rubbery body absorbs attacks. (AC +1, EV +1)


Message History

Erolcha looks as sick as possible!
Erolcha casts a spell.
Erolcha flickers and vanishes!
Deactivating autopickup; reactivate with Ctrl-A.
Unknown command.
You open the door.
There is an open door here.
A worker ant zombie comes into view.
A stone arrow appears from out of thin air!
The stone arrow hits you!!
There is an open door here.
You hear some strange, mumbled words.
A bolt of lightning appears from out of thin air!
The bolt of lightning hits you!!
* * * LOW HITPOINT WARNING * * *
An orc comes into view. It is wielding a +0 dagger.
The orc shouts!
Unknown command.
An orc comes into view. It is wielding a +0 dagger.
The orc moves out of view.
An orc wizard comes into view. It is wielding a +1 dagger of venom.
Unknown command.
An orc comes into view. It is carrying a wand of iceblast (10).
Unknown command.
Something tries to affect you, but you resist.
Unknown command.
The orc hits you with a +0 dagger.
* * * LOW HITPOINT WARNING * * *
Found 21 arrows.
Unknown command.
A bolt of lightning appears from out of thin air!
The bolt of lightning misses the orc.
The bolt of lightning misses you.
Unknown command.
There is a stone staircase leading down here.
You are feeling very hungry.
Casting: Poisonous Vapours (safe; 1% risk of failure)
Confirm with . or Enter, or press ? or * to list all spells.
You begin to radiate toxic energy.
Erolcha is poisoned.
The orc is poisoned.
The orc looks even sicker.
The orc barely misses you.
Erolcha screams, "Erolcha crush your head!"
Unknown command.
Unknown command.
Erolcha looks even sicker.
The orc looks even sicker.
Your toxic aura wanes.
Erolcha points at you and mumbles some strange words.
The bolt of lightning hits the orc!!
The orc dies!
The bolt of lightning hits you!!
You die...
Your body crumbles into a pile of gold.

#.. ## ..... #. ..... #. .....
#####################.
....##................>.##. #
#####......##########...#.##.
#.#.......................#.##.
#.#.####........#######...#.##.
#......O>....$@..............#.
###.####.#.####.#########.#..#.
#.# #.#.# #.# ######.#.... #.#
#.#.####.####......#.#.. #.#
#....................... #.#
###.####.####.######.#.. . #.#
#.......#........#.#.. ... #.#
#########........#.##.
#...#.###########...........#.##.


You could see Erolcha.

Vanquished Creatures
  A centaur warrior (D:11)
  Erica (D:8)
  Pikel (D:6)
  2 hippogriffs (D:8)
  Prince Ribbit (D:9)
  A hornet (D:8)
  Grum (D:9)
  5 yaks
  A hungry ghost (D:11)
  Edmund (D:4)
  2 soldier ants (D:8)
  4 orc warriors
  A sky beast (D:6)
  2 slaves (D:6)
  A black bear (D:10)
  3 ice beasts
  2 necrophages (D:7)
  A phantom (D:8)
  3 centaurs (D:5)
  6 ogres
  4 wolves (D:9)
  A crocodile (D:11)
  2 big kobolds (D:7)
  Blork the orc (D:6)
  2 gnoll sergeants
  2 bullfrogs
  A scorpion (D:10)
  4 wights
  3 howler monkeys (D:8)
  A centaur zombie (D:8)
  7 crimson imps
  2 bullfrog zombies
  2 bullfrog skeletons
  8 orc priests
  2 centaur skeletons
  5 hounds
  4 jellies
  9 orc wizards
  10 worker ants
  A killer bee zombie (D:7)
  A hound skeleton (D:10)
  2 mummies (D:7)
  3 worker ant zombies (D:7)
  15 gnolls
  10 adders
  A shadow imp (D:9)
  2 oozes
  4 worms
  3 dart slugs
  2 leopard geckos
  40 orcs
  3 ball pythons
  8 bats
  5 giant cockroaches
  8 goblins
  7 hobgoblins
  9 jackals
  15 kobolds
  5 quokkas
  3 frilled lizards
  A leopard gecko zombie (D:9)
  A quokka zombie (D:7)
  9 rats
268 creatures vanquished.

Vanquished Creatures (others)
  A hungry ghost (D:6)
  A centaur zombie (D:6)
  3 orcs
  5 fungi (D:4)
10 creatures vanquished.

Grand Total: 278 creatures vanquished

Notes
Turn   | Place    | Note
-------+----------+-------------------------------------------
     0 | D:1      | Flugkiller the Octopode Venom Mage began the quest for the
                  | Orb.
     0 | D:1      | Reached XP level 1. HP: 11/11 MP: 3/3
   261 | D:1      | Reached skill level 1 in Fighting
   275 | D:1      | Reached XP level 2. HP: 18/18 MP: 3/5
   346 | D:1      | Learned a level 2 spell: Poisonous Vapours
   969 | D:1      | Reached XP level 3. HP: 3/23 MP: 0/6
  1573 | D:2      | Found a sacrificial altar of Ru.
  1710 | D:2      | Reached skill level 5 in Poison Magic
  1778 | D:2      | Reached XP level 4. HP: 28/28 MP: 4/7
  1953 | D:2      | Became a worshipper of Ru the Awakened
  2502 | D:3      | Found a glowing golden altar of the Shining One.
  2525 | D:3      | Reached XP level 5. HP: 33/33 MP: 5/9
  2724 | D:3      | Learned a level 4 spell: Olgreb's Toxic Radiance
  2728 | D:3      | Learned a level 3 spell: Mephitic Cloud
  3858 | D:4      | Reached XP level 6. HP: 32/38 MP: 4/12
  4166 | D:4      | Reached skill level 5 in Spellcasting
  4192 | D:4      | Noticed Edmund
  4260 | D:4      | Killed Edmund
  4260 | D:4      | Reached XP level 7. HP: 34/45 MP: 5/14
  4375 | D:4      | Noticed DEFE's ghost (amateur VSTm)
  4381 | D:4      | Found a runed translucent door.
  4709 | D:5      | Entered Level 5 of the Dungeon
  5193 | D:5      | Found a shattered altar of Ashenzari.
  5238 | D:5      | Noticed Grinder
  5426 | D:5      | Found a sparkling altar of Nemelex Xobeh.
  5426 | D:5      | Found an opulent altar of Gozag.
  5432 | D:5      | Found a radiant altar of Vehumet.
  5503 | D:5      | Fell from the grace of Ru
  5503 | D:5      | Became a worshipper of Gozag Ym Sagoz the Greedy
  5647 | D:5      | Paralysed by Grinder for 4 turns
  5811 | D:5      | Reached skill level 5 in Dodging
  5811 | D:5      | Reached XP level 8. HP: 43/52 MP: 11/15
  6442 | D:6      | Noticed Pikel
  6457 | D:6      | Killed Pikel
  6805 | D:6      | Noticed Blork the orc
  6828 | D:6      | Killed Blork the orc
  6828 | D:6      | Reached XP level 9. HP: 33/56 MP: 11/19
  6925 | D:6      | Reached skill level 5 in Conjurations
  7280 | D:6      | Found a runed translucent door.
  7281 | D:6      | Noticed Crazy Yiuf
  7870 | D:7      | Found a staircase to the Ecumenical Temple.
  9387 | Temple   | Entered the Ecumenical Temple
  9462 | D:8      | Reached skill level 5 in Stealth
  9629 | D:8      | Reached XP level 10. HP: 53/63 MP: 11/22
 10110 | D:8      | Reached skill level 5 in Fighting
 11180 | D:8      | Paralysed by a hornet for 3 turns
 11558 | D:8      | Noticed Erica
 11571 | D:8      | Killed Erica
 11753 | D:9      | Found a staircase to the Orcish Mines.
 11760 | D:9      | Reached skill level 1 in Evocations
 11905 | D:9      | Noticed Grum
 11907 | D:9      | Noticed Prince Ribbit
 11925 | D:9      | Killed Prince Ribbit
 11954 | D:9      | Killed Grum
 12268 | D:9      | Noticed Harold
 12619 | D:9      | Reached skill level 5 in Evocations
 12628 | D:9      | Reached XP level 11. HP: 53/74 MP: 9/23
 12754 | D:9      | Found a hazy altar of Hepliaklqana.
 12808 | D:9      | Found Bomiq's Weapon Shop.
 12809 | D:9      | Found Doevaduu's Antique Weapon Shop.
 12824 | D:9      | Found Lemargh's Jewellery Shop.
 12831 | D:9      | Found Jifyceg's Book Shop.
 12839 | D:9      | Bought the ring "Usautt" {Ice MR+ Dex+4 Slay+6} for 996
                  | gold pieces
 12978 | D:10     | Entered Level 10 of the Dungeon
 13184 | D:10     | Reached skill level 1 in Long Blades
 13337 | D:10     | Learned a level 1 spell: Animate Skeleton
 13650 | D:10     | Found a runed translucent door.
 13651 | D:10     | Found a shimmering altar of Xom.
 13651 | D:10     | Noticed Ratty's ghost (novice MiFi)
 13652 | D:10     | Noticed a +1 scimitar of chaos
 13832 | D:11     | Noticed a centaur warrior
 13888 | D:11     | Killed a centaur warrior
 14032 | D:11     | Noticed Gastronok
 14404 | D:11     | Noticed Erolcha
 14689 | D:11     | Killed from afar by Erolcha

Levels and vault maps discovered:
D:1:      roderic_octagonal_star, layout_basic, grunt_decor_mini_mirrors,
          chequers_serial_rivers_large_a, minmay_ruptured
D:2:      layout_basic, nicolae_ru_the_path_less_chosen
D:3:      layout_basic, overflow_temple_1_default, minmay_misc_feat_alley
D:4:      layout_loops_ring, serial_aquarium, aquarium_bridge_island_small
          [aquarium_subvault_small_open, aquarium_subvault_bridge,
          aquarium_subvault_bridge, aquarium_subvault_bridge,
          aquarium_subvault_wall], aquarium_window_corridor_1,
          aquarium_window_2, aquarium_window_fake, aquarium_view_2c,
          aquarium_view_2a, aquarium_balcony_3a, hellmonk_ghost_happy_afterlife,
          uniq_edmund
D:5:      layout_layer_cave, cheibrodos_ashenzari_chains,
          grunt_temple_overflow_open, serial_shops, nicolae_shop_stone,
          first_ration, uniq_grinder
D:6:      layout_rooms, hangedman_minor_gate_pass, uniq_pikel,
          uniq_blork_the_orc, uniq_crazy_yiuf_cottage
D:7:      layout_rooms, minmay_temple_entry_offerings, serial_undead,
          serial_undead_c, serial_undead_c, serial_undead_a, serial_undead_e
D:8:      layout_loops_ring, hangedman_pestilent_swarm, uniq_erica
D:9:      layout_roguey, kennysheep_mini, david_orc_2, minmay_shop_grid_forest,
          uniq_prince_ribbit1, uniq_harold, uniq_grum
D:10:     layout_irregular_city, serial_glass, glass_columns_b, glass_columns_a,
          ebering_ghost_xom
D:11:     layout_basic, lair_entry_dummy, uniq_erolcha, uniq_maurice,
          uniq_gastronok
Temple:   eino_temple_scatter_basement

Skill      XL: |  1  2  3  4  5  6  7  8  9 10 11 |
---------------+----------------------------------+-----
Stealth        | 3 5 |  5.2
Fighting       | 1 2 3 4 6 |  6.4
Poison Magic   | 4 5 6 |  6.0
Spellcasting   | 4 5 6 8 9 |  9.2
Dodging        | 5 6 9 |  9.0
Conjurations   | 4 5 |  5.3
Evocations     | 5 |  5.0
Long Blades    | 3 |  3.5

Action                   |  1- 3 |  4- 6 |  7- 9 | 10-12 || total
-------------------------+-------+-------+-------+-------++-------
Melee: Unarmed           |     4 |       |       |       ||     4
       Dagger            |       |    42 |    90 |       ||   132
       Constrict         |       |    10 |    43 |    30 ||    83
       Tentacles         |       |     6 |    45 |    24 ||    75
       Whip              |       |       |   136 |    89 ||   225
       Scimitar          |       |       |       |    39 ||    39
Throw: Javelin           |       |       |       |     2 ||     2
 Cast: Sting             |    57 |    86 |    46 |     6 ||   195
       Poisonous Vapours |     2 |    18 |    55 |    89 ||   164
       Olgreb's Toxic Ra |       |       |    10 |    27 ||    37
       Mephitic Cloud    |       |       |     2 |     5 ||     7
Invok: Reject Sacrifices |       |     1 |       |       ||     1
Evoke: Wand              |       |       |       |     4 ||     4
  Use: Scroll            |       |     8 |     6 |     6 ||    20
       Potion            |       |       |       |     2 ||     2
 Stab: Sleeping          |       |     1 |     3 |     3 ||     7
       Confused          |       |       |     1 |     1 ||     2
  Eat: Chunk             |     3 |     8 |     2 |       ||    13
       Ration            |       |       |     5 |     5 ||    10
Armor: Skin              |     2 |     6 |     4 |     1 ||    13
Dodge: Dodged            |    18 |    34 |   167 |   106 ||   325
       Rpst.: Scimitar   |       |       |       |     9 ||     9

Table legend:
 A = Non-vault XP
 B = Vault XP
 C = Vault XP percentage of total XP
 D = Non-vault monster count
 E = Vault monster count
 F = Vault count percentage of total count
                 A         B        C        D         E       F
            +---------+---------+-------+---------+---------+-------
      Total |    8353 |    4305 |  34.0 |     231 |      37 |  13.8
            +---------+---------+-------+---------+---------+-------
        D:1 |      43 |       1 |   2.3 |      21 |       1 |   4.5
        D:2 |      86 |       0 |   0.0 |      23 |       0 |   0.0
        D:3 |     136 |       0 |   0.0 |      25 |       0 |   0.0
        D:4 |     466 |     166 |  26.3 |      14 |       1 |   6.7
        D:5 |     693 |       0 |   0.0 |      19 |       0 |   0.0
        D:6 |     194 |    1200 |  86.1 |      10 |       8 |  44.4
        D:7 |     772 |     376 |  32.8 |      33 |       8 |  19.5
        D:8 |    1763 |    1370 |  43.7 |      38 |       5 |  11.6
        D:9 |    1343 |    1192 |  47.0 |      21 |      14 |  40.0
       D:10 |    1104 |       0 |   0.0 |      17 |       0 |   0.0
       D:11 |    1753 |       0 |   0.0 |      10 |       0 |   0.0
            +---------+---------+-------+---------+---------+-------
